 Dungeon Crawl Stone Soup version bcrawl-1.36.3 (webtiles) character file.

Game seed: 13841221151086859687

137138 zzzzzzzz the Skirmisher (level 3, -6/33 HPs)
             Began as a Minotaur Fighter on June 23, 2022.
             Mangled by a gnoll
             ... wielding a +0 halberd
              (10 damage)
             ... on level 2 of the Dungeon.
             The game lasted 00:01:46 (1147 turns).

zzzzzzzz the Skirmisher (Minotaur Fighter)          Turns: 1147, Time: 00:01:46

Health: -6/33      AC:  7    Str: 21    XL:     3   Next: 64%
Magic:  2/2        EV:  6    Int:  5    God:
Gold:   112        SH:  9    Dex:  9    Spells: 2/2 levels left

rFire    . . .     SeeInvis .   a - +0 war axe
rCold    . . .     Gourm    .   c - +0 medium shield
rNeg     . . .     Faith    .   b - +0 scale mail
rPois    .         Spirit   .   (helmet restricted)
rElec    .         Reflect  .   (no cloak)
rCorr    .                      (no gloves)
MR       .....                  (no boots)
Stlth    ..........             (no amulet)
HPRegen  0.11/turn              (no ring)
MPRegen  0.08/turn              (no ring)

@: no status effects
A: retaliatory headbutt, horns 2
a: no special abilities


You were on level 2 of the Dungeon.
You were hungry.

You visited 1 branch of the dungeon, and saw 2 of its levels.

You collected 112 gold pieces.

Inventory:

Hand Weapons
 a - a +0 war axe (weapon)
Missiles
 n - a throwing net {=f}
Armour
 b - a +0 scale mail (worn)
 c - a +0 medium shield (worn)
Jewellery
 j - the ring of Puisit {+Fly rPois, unknown}
   (You found it on level 1 of the Dungeon)

   [ring of flight]

   It protects you from poison.
   It lets you fly.
Scrolls
 f - a scroll of amnesia {unknown}
 i - 2 scrolls of identify
 k - a scroll of immolation {unknown}
 m - a scroll of fog {unknown}
 p - a scroll of teleportation {unknown}
Potions
 d - a potion of might
 g - a potion of agility {unknown}
 h - 2 potions of heal wounds {unknown}
 l - a potion of haste {unknown}
Comestibles
 e - 3 rations {!d}
 o - 5 chunks of flesh


   Skills:
 + Level 4.2 Fighting
 + Level 3.1 Axes
 + Level 4.0 Armour
 + Level 1.2 Dodging
 + Level 4.1 Shields


You had 2 spell levels left.
You didn't know any spells.
Your spell library was empty.

Dungeon Overview and Level Annotations

Branches:
Dungeon (2/12)

Altars:


Innate Abilities, Weirdness & Mutations

You reflexively headbutt those who attack you in melee.
You have a pair of horns on your head.


Message History

The gnoll hits you from afar with a +0 halberd.
The gnoll hits you from afar with a +0 spear!
You see here a giant cockroach corpse.
You slash the gnoll! Your headbutt misses the gnoll.
The gnoll is severely wounded.
The gnoll hits you but does no damage. The gnoll barely misses you.
The gnoll hits you but does no damage.
You hit the gnoll but do no damage. You headbutt the gnoll.
You kill the gnoll!
You block the gnoll's attack. x2
The gnoll hits you from afar with a +0 halberd.
Your Dodging skill increases to level 1!
The gnoll hits you but does no damage. You block the gnoll's attack.
You see here a +0 flail.
You closely miss the gnoll.
Your shield prevents you from hitting the gnoll.
The gnoll hits you with a +0 spear!
* * * LOW HITPOINT WARNING * * *
The gnoll hits you with a +0 halberd!
You die...

.....# #....#
#....#
#....####
#........
#........
#####g?......
#>.†@gg......
#.###########
#.# ..
#.###########..
#..............
#.####.........
#.####........#
#.............#
######.........


You could see 3 gnolls.

Vanquished Creatures
  A gnoll (D:2)
  2 worms (D:2)
  4 dart slugs
  A leopard gecko (D:1)
  A giant cockroach (D:2)
  3 hobgoblins
  A quokka (D:2)
  5 bats
  3 frilled lizards
  3 goblins (D:1)
  5 kobolds
  3 rats (D:1)
32 creatures vanquished.

Notes
Turn   | Place    | Note
-------+----------+-------------------------------------------
     0 | D:1      | zzzzzzzz the Minotaur Fighter began the quest for the Orb.
     0 | D:1      | Reached XP level 1. HP: 19/19 MP: 0/0
   150 | D:1      | Reached XP level 2. HP: 26/27 MP: 1/1
   370 | D:1      | Got a fine pewter ring
   948 | D:2      | Reached XP level 3. HP: 32/33 MP: 2/2
  1146 | D:2      | Reached skill level 1 in Dodging
  1147 | D:2      | Mangled by a gnoll

Skill      XL: |  1  2  3 |
---------------+----------+-----
Fighting       | 4 |  4.2
Shields        | 4 |  4.1
Axes           | 3 |  3.1
Armour         | 4 |  4.0
Dodging        | 1 |  1.2

Action                   || total
-------------------------++-------
Melee: War axe           ||    74
       Headbutt          ||    15
  Eat: Chunk             ||     3
Armor: Scale mail        ||    34
Dodge: Dodged            ||    16
Block: Medium shield     ||    30
